 Dungeon Crawl Stone Soup version 0.23-a0-182-g58cdd98 (console) character file.

151 Voker57 the Skirmisher (level 5, -1/42 HPs)
             Began as a Demonspawn Abyssal Knight on Sept 20, 2018.
             Was a Believer of Lugonu.
             Slain by an iguana (2 damage)
             ... on level 4 of the Dungeon.
             The game lasted 00:05:04 (3933 turns).

Voker57 the Skirmisher (Demonspawn Abyssal Knight)  Turns: 3933, Time: 00:05:05

Health: -1/42      AC:  4    Str: 10 (12) XL:     5   Next: 10%
Magic:  0/7        EV: 11    Int: 13      God:    Lugonu [**....]
Gold:   165        SH:  0    Dex: 13 (14) Spells: 4/4 levels left

rFire    . . .     SeeInvis .   a - +1 falchion
rCold    . . .     Gourm    .   (no shield)
rNeg     . . .     Faith    .   b - +0 leather armour
rPois    .         Spirit   +   p - +1 hat
rElec    .         Reflect  .   (no cloak)
rCorr    .         Harm     .   (no gloves)
MR       .....                  (no boots)
Stlth    +.........             n - amulet of guardian spirit
HPRegen  0.14/turn              g - +1 ring of slaying
MPRegen  0.10/turn              (no ring)

@: no status effects
A: magic shield
a: Depart the Abyss, Bend Space, Renounce Religion


You were on level 4 of the Dungeon.
You worshipped Lugonu.
Lugonu was pleased with you.
You were hungry.

You visited 1 branch of the dungeon, and saw 4 of its levels.
You visited the Abyss 1 time.

You collected 165 gold pieces.

Inventory:

Hand Weapons
 a - a +1 falchion (weapon)
Armour
 b - a +0 leather armour (worn)
 p - a +1 hat (worn)
Jewellery
 g - a +1 ring of slaying (left hand)
 i - an uncursed ring of fire
 n - an amulet of guardian spirit (around neck)
Scrolls
 f - 2 scrolls of enchant weapon {unknown}
 h - a scroll of immolation {unknown}
 j - a scroll of teleportation
 m - 2 scrolls of blinking {unknown}
 q - 2 scrolls of remove curse {unknown}
Potions
 d - a potion of brilliance
 e - a potion of degeneration
Comestibles
 c - 3 rations


   Skills:
 + Level 3.9 Fighting
 + Level 3.0 Long Blades
 + Level 2.6 Armour
 + Level 1.4 Dodging
 + Level 0.9 Stealth
 + Level 2.9 Invocations


You had 4 spell levels left.
You didn't know any spells.
Your spell library was empty.

Dungeon Overview and Level Annotations

Branches:
Dungeon (4/15)
 Temple: D:4-7

Altars:

Annotations:
D:2 Scuka's ghost, amateur GrFi


Innate Abilities, Weirdness & Mutations

When hurt, damage is shared between your health and your magic reserves.


Message History

There is an open door here.
You aren't carrying any items that you can evoke.
Okay, then.
You feel better. The iguana barely misses you.
You hit the iguana but do no damage.
The iguana is heavily wounded.
The iguana closely misses you.
You riposte.
You hit the iguana.
The iguana is severely wounded.
You barely miss the iguana.
The iguana is severely wounded.
The iguana bites you!
* * * LOW HITPOINT WARNING * * *
You closely miss the iguana.
The iguana is severely wounded.
The iguana bites you!
* * * LOW HITPOINT WARNING * * *
You barely miss the iguana.
The iguana is severely wounded.
The iguana bites you.
You die...

## #. ############ #.
#......#...############.
+.....l@...'............
#/.....#...####.....###'
#......#...# #.....##..
########...# ########..
#...# #.. ##### #.. ##+
#. #. ####.


You could see an iguana.

Vanquished Creatures
  A hound (D:3)
  A worker ant (D:4)
  2 adders (D:2)
  An ooze (D:1)
  An adder skeleton (D:4)
  2 worms (D:3)
  A dart slug (D:2)
  2 leopard geckos
  A ball python (D:2)
  A giant cockroach (D:2)
  7 goblins
  8 hobgoblins
  2 quokkas
  7 bats
  6 frilled lizards
  9 kobolds
  10 rats
62 creatures vanquished.

Vanquished Creatures (others)
  3 jackals (D:2)
3 creatures vanquished.

Grand Total: 65 creatures vanquished

Notes
Turn   | Place    | Note
-------+----------+-------------------------------------------
     0 | Abyss:1  | Voker57 the Demonspawn Abyssal Knight began the quest for
                  | the Orb.
     0 | Abyss:1  | Reached XP level 1. HP: 18/18 MP: 2/2
     0 | Abyss:1  | Found a corrupted altar of Lugonu.
    12 | D:1      | Escaped the Abyss
   223 | D:1      | Gained mutation: When hurt, damage is shared between your
                  | health and your magic reserves. [demonic ancestry]
   223 | D:1      | Reached XP level 2. HP: 13/24 MP: 4/4
   825 | D:1      | Reached ** piety under Lugonu
  1051 | D:1      | Reached XP level 3. HP: 20/29 MP: 2/5
  1228 | D:2      | Reached skill level 1 in Dodging
  1692 | D:2      | Reached XP level 4. HP: 37/37 MP: 6/6
  2600 | D:3      | Found a runed door.
  2601 | D:3      | Noticed Scuka's ghost (amateur GrFi)
  3720 | D:4      | Reached XP level 5. HP: 31/42 MP: 7/7
  3932 | D:4      | HP: 1/42 [iguana (10)]
  3933 | D:4      | Slain by an iguana

Vault maps used:
D:1:      dpeg_arrival_circle_labyrinth_a
D:2:      lemuel_flame_loot_1
D:3:      ebering_ghost_reflecting_pool
D:4:      first_ration, trog_wizard

Skill      XL: |  1  2  3  4 |
---------------+-------------+-----
Long Blades    | 2 3 |  3.0
Armour         | 2 |  2.6
Dodging        | 1 |  1.4
Fighting       | |  3.9
Stealth        | |  0.9
Invocations    | |  2.9

Action                   |  1- 3 |  4- 6 || total
-------------------------+-------+-------++-------
Melee: Falchion          |   111 |    99 ||   210
Invok: Bend Space        |       |     1 ||     1
  Use: Scroll            |     2 |     3 ||     5
       Potion            |       |     6 ||     6
 Stab: Sleeping          |       |     1 ||     1
  Eat: Chunk             |     2 |     7 ||     9
Armor: Leather armour    |    37 |    17 ||    54
Dodge: Dodged            |    76 |    61 ||   137
       Rpst.: Falchion   |    26 |    19 ||    45

Table legend:
 A = Non-vault XP
 B = Vault XP
 C = Vault XP percentage of total XP
 D = Non-vault monster count
 E = Vault monster count
 F = Vault count percentage of total count
                 A         B        C        D         E       F
            +---------+---------+-------+---------+---------+-------
      Total |     216 |       0 |   0.0 |      62 |       0 |   0.0
            +---------+---------+-------+---------+---------+-------
        D:1 |      42 |       0 |   0.0 |      25 |       0 |   0.0
        D:2 |      60 |       0 |   0.0 |      20 |       0 |   0.0
        D:3 |      73 |       0 |   0.0 |      15 |       0 |   0.0
        D:4 |      41 |       0 |   0.0 |       2 |       0 |   0.0
            +---------+---------+-------+---------+---------+-------
